 Dungeon Crawl Stone Soup version 0.29.1-15-g9cfb28693d (webtiles) character file.

Game seed: 7885897594640189628

3624 Gabide the Grappler (level 9, -17/73 HPs)
             Began as a Mummy Berserker on Feb 27, 2023.
             Was a Priest of Trog.
             Demolished by a skeletal warrior
             ... wielding a +0 long sword
              (22 damage)
             ... on level 11 of the Dungeon.
             The game lasted 00:13:25 (10352 turns).

Gabide the Grappler (Mummy Berserker)              Turns: 10352, Time: 00:13:26

Health: -17/73     AC: 11    Str: 24    XL:     9   Next: 87%
Magic:  9/9        EV: 14    Int:  6    God:    Trog [***...]
Gold:   512        SH:  0    Dex: 12    Spells: 8/8 levels left

rFire   . . .      SeeInvis .     - Unarmed
rCold   . . .      Faith    .   (no shield)
rNeg    + + +      Spirit   .   e - +0 leather armour
rPois   ∞          Reflect  .   f - +2 helmet
rElec   .          Harm     .   b - +2 cloak
rCorr   .          Rampage  +   (no gloves)
Will    +....                   k - +1 pair of boots {rampage}
Stlth   +.........              (no amulet)
HPRegen 0.22/turn               d - ring of fire
MPRegen 0.11/turn               (no ring)

@: no status effects
A: cold resistance 1, negative energy resistance 3, torment resistance 2, heat
vulnerability 1, in touch with death 1, no potions
a: Renounce Religion, Trog's Hand


You were on level 11 of the Dungeon.
You worshipped Trog.
Trog was most pleased with you.
You visited 1 branch of the dungeon, and saw 10 of its levels.

You collected 512 gold pieces.

Inventory:

Armour
 b - a +2 cloak (worn)
 e - a +0 leather armour (worn)
 f - a +2 helmet (worn)
 i - a +0 pair of boots
 k - a +1 pair of boots of rampaging (worn)
Jewellery
 d - a ring of fire (left hand)
Wands
 a - a wand of mindburst (3)
Scrolls
 h - a scroll of identify
 j - a scroll of enchant weapon


   Skills:
 + Level 7.7 Fighting
 - Level 1.5 Armour
 + Level 6.1 Dodging
 * Level 8.8 Unarmed Combat


You had 8 spell levels left.
You didn't know any spells.
Your spell library was empty.

Dungeon Overview and Level Annotations

Branches:
Dungeon (11/15)            Temple (0/1) D:4             Orc (0/2) D:10
   Lair: D:8-11

Altars:
Makhleb
Yredelemnul


Innate Abilities, Weirdness & Mutations

You are immune to poison.
Your flesh is cold resistant. (rC+)
You are immune to negative energy. (rN+++)
You are immune to unholy pain and torment.
You are vulnerable to heat. (rF-)
You are in touch with the powers of death.
You do not drink.


Message History

You are too injured to fight recklessly!
You are too injured to fight recklessly!
You are too injured to fight recklessly!
You are too injured to fight recklessly!
You are too injured to fight recklessly!
You are too injured to fight recklessly!
You are too injured to fight recklessly!
You are too injured to fight recklessly!
You are too injured to fight recklessly!
You are too injured to fight recklessly!
You are too injured to fight recklessly!
You are too injured to fight recklessly!
You are too injured to fight recklessly!
You hit the skeletal warrior but do no damage.
The skeletal warrior is heavily damaged.
You feel the effects of Trog's Hand fading.
The skeletal warrior hits you with a +0 long sword!
* * * LOW HITPOINT WARNING * * *
Blink to where?
Press: ? - help, Dir - move target 2 skeletal warriors come into view.
As you read the scroll of blinking, it crumbles to dust.
Okay, then.
You can't drink.
You hit the skeletal warrior.
The skeletal warrior is heavily damaged.
The skeletal warrior misses you.
The skeletal warrior throws a stone.
The stone hits you!
* * * LOW HITPOINT WARNING * * *
You closely miss the skeletal warrior.
The skeletal warrior is heavily damaged.
The skeletal warrior hits you with a +0 long sword.
* * * LOW HITPOINT WARNING * * *
You hit the skeletal warrior.
The skeletal warrior is heavily damaged.
Your skin stops crawling.
You feel less strong-willed.
You closely miss the skeletal warrior.
The skeletal warrior is heavily damaged.
The skeletal warrior hits you with a +0 long sword!!
You die...

##########
#.....z@.#
########.# #.# #.#
#z# #z# #.# ..
#.########.#######
.
#.#.....[.)......#


You could see 3 skeletal warriors.

Vanquished Creatures
  2 orc knights (D:10)
  Prince Ribbit (D:5)
  A wyvern (D:5)
  A water moccasin (D:7)
  2 ice beasts
  3 orc warriors
  2 sky beasts
  A centaur (D:7)
  3 ogres
  4 necrophages
  2 bullfrogs
  3 wights
  3 killer bees (D:11)
  4 howler monkeys (D:7)
  A jelly (D:6)
  A hound (D:6)
  3 orc priests
  2 iguanas (D:5)
  2 orc wizards
  11 adders
  2 shadow imps
  2 white imps
  2 ufetubi
  4 worms
  2 dart slugs
  35 orcs
  2 bats (D:1)
  10 endoplasms
  A giant cockroach (D:3)
  5 goblins
  A hobgoblin (D:2)
  4 jackals
  5 kobolds
  5 quokkas
  6 ball pythons
  2 frilled lizards
  3 rats
143 creatures vanquished.

Notes
Turn   | Place    | Note
-------+----------+-------------------------------------------
     0 | D:1      | Gabide the Mummy Berserker began the quest for the Orb.
     0 | D:1      | Reached XP level 1. HP: 18/18 MP: 1/1
   246 | D:1      | Reached XP level 2. HP: 24/24 MP: 2/2
   742 | D:1      | Found a faded altar of an unknown god.
  1038 | D:2      | Reached skill level 3 in Unarmed Combat
  1038 | D:2      | Gained mutation: You are in touch with the powers of death.
                  | [Mummy growth]
  1038 | D:2      | Reached XP level 3. HP: 7/29 MP: 3/3
  2475 | D:2      | Reached ** piety under Trog
  2756 | D:3      | Reached XP level 4. HP: 35/35 MP: 4/4
  3425 | D:3      | Found a basalt altar of Yredelemnul.
  3689 | D:3      | Reached XP level 5. HP: 42/42 MP: 5/5
  3993 | D:4      | Noticed an ogre
  4599 | D:4      | Noticed an ogre
  4602 | D:4      | Killed an ogre
  4603 | D:4      | Reached skill level 4 in Unarmed Combat
  5002 | D:4      | Reached XP level 6. HP: 34/48 MP: 6/6
  5097 | D:4      | Found a staircase to the Ecumenical Temple.
  5289 | D:5      | Entered Level 5 of the Dungeon
  5679 | D:5      | Reached skill level 5 in Unarmed Combat
  5679 | D:5      | Reached XP level 7. HP: 50/55 MP: 7/7
  5826 | D:5      | Noticed a wyvern
  5830 | D:5      | Killed a wyvern
  5830 | D:5      | Reached *** piety under Trog
  5838 | D:5      | Noticed Prince Ribbit
  5846 | D:5      | Reached skill level 5 in Fighting
  5865 | D:5      | Killed Prince Ribbit
  6711 | D:6      | Found a burning altar of Makhleb.
  6775 | D:6      | Reached skill level 6 in Unarmed Combat
  6775 | D:6      | Reached XP level 8. HP: 63/63 MP: 8/8
  7736 | D:7      | Reached skill level 7 in Unarmed Combat
  8324 | D:7      | Reached skill level 5 in Dodging
  8485 | D:7      | Reached XP level 9. HP: 71/71 MP: 9/9
  9305 | D:8      | You fall into a shaft and drop 3 floors!
  9396 | D:10     | Entered Level 10 of the Dungeon
  9419 | D:11     | Reached skill level 8 in Unarmed Combat
  9605 | D:10     | Noticed an orc knight
  9615 | D:10     | Killed an orc knight
  9643 | D:10     | Found a staircase to the Orcish Mines.
  9644 | D:10     | Noticed an orc knight
  9644 | D:10     | Noticed an orc knight
  9669 | D:10     | Killed an orc knight
 10255 | D:11     | Noticed a skeletal warrior
 10347 | D:11     | Noticed a skeletal warrior
 10347 | D:11     | Noticed a skeletal warrior
 10352 | D:11     | Demolished by a skeletal warrior

Illustrated notes

Levels and vault maps discovered:
D:1:      minmay_arrival_four_circles, layout_basic,
          hellmonk_ecumenical_altar_inner_sanctum
D:2:      layout_rooms, nicolae_titane
D:3:      layout_basic, nicolae_elyvilon_peaceful_grove, lemuel_round_altar
D:4:      layout_basic, temple_hall
D:5:      layout_rooms, uniq_prince_ribbit1
D:6:      layout_loops_ring, kennysheep_little_box,
          chequers_serial_rivers_room_a, nrook_pool_corridor
D:7:      layout_basic
D:8:      layout_cave_pools, mainiacjoe_overflow_brackets, serial_shops,
          nicolae_lakefront_shop, kennysheep_potato, uniq_psyche, uniq_maurice
D:10:     lemuel_insect_pit, layout_cave_pools, david_orc_5,
          gammafunk_ghost_grave
D:11:     layout_basic, serial_shops, shop, hangedman_corner_corridor,
          uniq_erolcha

Skill      XL: |  1  2  3  4  5  6  7  8  9 |
---------------+----------------------------+-----
Dodging        | 2 3 4 5 6 |  6.1
Unarmed Combat | 3 4 5 6 7 8 |  8.8
Fighting       | 4 5 6 7 |  7.7
Armour         | |  1.5

Action                   |  1- 3 |  4- 6 |  7- 9 || total
-------------------------+-------+-------+-------++-------
Melee: Unarmed           |   171 |   192 |   340 ||   703
       Punch             |     5 |       |    15 ||    20
Throw: Javelin           |       |     5 |    21 ||    26
Invok: Trog's Hand       |       |       |     6 ||     6
Evoke: Wand              |       |       |    12 ||    12
  Use: Scroll            |     2 |     8 |     8 ||    18
 Stab: Sleeping          |     1 |       |       ||     1
Armor: Animal skin       |    25 |       |       ||    25
       Leather armour    |     3 |    54 |   128 ||   185
Dodge: Dodged            |    87 |   117 |   262 ||   466
